PBL
KANSAS CITY ROYALS @ WASHINGTON NATIONALS
06/09/2071
 
TOP OF THE 1ST
Kansas City Royals batting - Pitching for Washington Nationals : LHP Jorge Trespalácios
Pitching: LHP Jorge Trespalácios
Batting: RHB Shu-yaan Koo 0-0: Called Strike
0-1: Ground out 1-3 (Groundball, 13S, EV 68.8 MPH)
Batting: RHB Bert Acheson 0-0: Foul Ball, location: 2F
0-1: Ball
1-1: Ball
2-1: Swinging Strike
2-2: Strikes out swinging
Batting: RHB Edgardo Pérez 0-0: Ball
1-0: Swinging Strike
1-1: Ball
2-1: Called Strike
2-2: Foul Ball, location: 9LSF
2-2: Strikes out looking
Top of the 1st over - 0 runs, 0 hits, 0 errors, 0 left on base; Kansas City 0 - Washington 0
BOTTOM OF THE 1ST
Washington Nationals batting - Pitching for Kansas City Royals : RHP Ronald Coleman
Pitching: RHP Ronald Coleman
Batting: RHB Cisco Jiménez 0-0: Ball
1-0: Ball
2-0: Ball
3-0: Foul Ball, location: 9LDF
3-1: Ground out 6-3 (Groundball, 6, EV 100.6 MPH)
Batting: LHB Gabriel Chacón 0-0: Ball
1-0: Ball
2-0: Called Strike
2-1: DOUBLE (Line Drive, 7LM, EV 100.6 MPH)
Batting: RHB Francisco Lafrosia 0-0: Called Strike
0-1: Swinging Strike
0-2: Ball
1-2: Foul Ball, location: 3F
1-2: Foul Ball, location: 9LMF
1-2: Ball
2-2: Ball
3-2: Reached on error, E9 (Flyball, 9S, EV 88.8 MPH)
Gabriel Chacón to third
Batting: LHB Kyle Lynch 0-0: Called Strike
0-1: Ball
1-1: Grounds into double play, 4-6-3 (Groundball, 4, EV 76.9 MPH)
Bottom of the 1st over - 0 runs, 1 hit, 1 error, 1 left on base; Kansas City 0 - Washington 0
TOP OF THE 2ND
Kansas City Royals batting - Pitching for Washington Nationals : LHP Jorge Trespalácios
Batting: RHB Tamuramaro Maeda 0-0: Ball
1-0: Ball
2-0: Foul Ball, location: 3FF
2-1: Foul Ball, location: 2F
2-2: Ground out 4-3 (Groundball, 4, EV 106.9 MPH)
Batting: LHB Winston Joya 0-0: Foul Ball, location: 7LMF
0-1: Ground out 4-3 (Groundball, 34, EV 108.1 MPH)
Batting: RHB Tony Solís 0-0: Foul Ball, location: 2RF
0-1: Ball
1-1: Ground out 6-3 (Groundball, 6, EV 99.4 MPH)
Top of the 2nd over - 0 runs, 0 hits, 0 errors, 0 left on base; Kansas City 0 - Washington 0
BOTTOM OF THE 2ND
Washington Nationals batting - Pitching for Kansas City Royals : RHP Ronald Coleman
Batting: LHB Iemochi Sasaki 0-0: Called Strike
0-1: Foul Ball, location: 25F
0-2: Ball
1-2: Ball
2-2: Ball
3-2: Fly out, F7 (Flyball, 78M, EV 88.1 MPH)
Batting: RHB Shao-qi Ng 0-0: Called Strike
0-1: Foul Ball, location: 5SF
0-2: Fly out, F8 (Flyball, 8LXD, EV 95.0 MPH)
Batting: RHB Rusty Tucker 0-0: Called Strike
0-1: Foul Ball, location: 2F
0-2: TRIPLE (Line Drive, 89XD, EV 99.4 MPH)
Batting: RHB Aureliano Cervantes 0-0: Swinging Strike
0-1: Foul Ball, location: 9LDF
0-2: Strikes out swinging
Bottom of the 2nd over - 0 runs, 1 hit, 0 errors, 1 left on base; Kansas City 0 - Washington 0
TOP OF THE 3RD
Kansas City Royals batting - Pitching for Washington Nationals : LHP Jorge Trespalácios
Batting: LHB Dila Mzale 0-0: Called Strike
0-1: Called Strike
0-2: Strikes out swinging
Batting: RHB John Brown 0-0: Foul Ball, location: 9LMF
0-1: Ball
1-1: Ground out 6-3 (Groundball, 6, EV 92.5 MPH)
Batting: RHB Koji Omori 0-0: Ball
1-0: Called Strike
1-1: Foul Ball, location: 2F
1-2: Strikes out looking
Top of the 3rd over - 0 runs, 0 hits, 0 errors, 0 left on base; Kansas City 0 - Washington 0
BOTTOM OF THE 3RD
Washington Nationals batting - Pitching for Kansas City Royals : RHP Ronald Coleman
Batting: RHB José Guzmán 0-0: Ball
1-0: Ground out 6-3 (Groundball, 6, EV 95.0 MPH)
Batting: RHB Cisco Jiménez 0-0: Swinging Strike
0-1: Called Strike
0-2: Ball
1-2: Ground out U3 (Groundball, 34, EV 108.8 MPH)
Batting: LHB Gabriel Chacón 0-0: Foul Ball, location: 7LMF
0-1: Called Strike
0-2: Foul Ball, location: 2F
0-2: Ball
1-2: Ball
2-2: Foul Ball, location: 3FF
2-2: Foul Ball, location: 3SF
2-2: Reached on error, E4 (Groundball, 4M, EV 95.6 MPH)
Batting: RHB Francisco Lafrosia 0-0: Called Strike
0-1: Foul Ball, location: 2F
0-2: Strikes out swinging
Bottom of the 3rd over - 0 runs, 0 hits, 1 error, 1 left on base; Kansas City 0 - Washington 0
TOP OF THE 4TH
Kansas City Royals batting - Pitching for Washington Nationals : LHP Jorge Trespalácios
Batting: RHB Shu-yaan Koo 0-0: Called Strike
0-1: Foul Ball, location: 7LMFF
0-2: Strikes out looking
Batting: RHB Bert Acheson 0-0: Ground out 5-3 (Groundball, 56S, EV 83.8 MPH)
Batting: RHB Edgardo Pérez 0-0: Foul Ball, location: 9LSF
0-1: Called Strike
0-2: TRIPLE (Line Drive, 8RXD, EV 104.4 MPH)
Batting: RHB Tamuramaro Maeda 0-0: Called Strike
0-1: Fly out, F9 (Flyball, 89M, EV 80.0 MPH)
Top of the 4th over - 0 runs, 1 hit, 0 errors, 1 left on base; Kansas City 0 - Washington 0
BOTTOM OF THE 4TH
Washington Nationals batting - Pitching for Kansas City Royals : RHP Ronald Coleman
Batting: LHB Kyle Lynch 0-0: Ball
1-0: Called Strike
1-1: Called Strike
1-2: Ball
2-2: Strikes out swinging
Batting: LHB Iemochi Sasaki 0-0: Ball
1-0: Foul Ball, location: 2F
1-1: Fly out, F9 (Flyball, 9S, EV 81.9 MPH)
Batting: RHB Shao-qi Ng 0-0: Called Strike
0-1: Ball
1-1: Reached on error, E4 (Groundball, 34D, EV 98.8 MPH)
Batting: RHB Rusty Tucker 0-0: Ball
1-0: Ball
2-0: Called Strike
2-1: Ball
3-1: Called Strike
3-2: Foul Ball, location: 9LSF
3-2: Foul Ball, location: 2F
3-2: Strikes out swinging
Bottom of the 4th over - 0 runs, 0 hits, 1 error, 1 left on base; Kansas City 0 - Washington 0
TOP OF THE 5TH
Kansas City Royals batting - Pitching for Washington Nationals : LHP Jorge Trespalácios
Batting: LHB Winston Joya 0-0: Foul Ball, location: 2F
0-1: Ball
1-1: Ball
2-1: Ball
3-1: Fly out, F9 (Line Drive, 89M, EV 108.1 MPH)
Batting: RHB Tony Solís 0-0: Ball
1-0: Called Strike
1-1: Foul Ball, location: 2LF
1-2: Ball
2-2: Strikes out swinging
Batting: LHB Dila Mzale 0-0: Called Strike
0-1: Swinging Strike
0-2: Ground out 4-3 (Groundball, 4M, EV 109.4 MPH)
Top of the 5th over - 0 runs, 0 hits, 0 errors, 0 left on base; Kansas City 0 - Washington 0
BOTTOM OF THE 5TH
Washington Nationals batting - Pitching for Kansas City Royals : RHP Ronald Coleman
Batting: RHB Aureliano Cervantes 0-0: Called Strike
0-1: Ball
1-1: Swinging Strike
1-2: Ball
2-2: Strikes out swinging
Batting: RHB José Guzmán 0-0: Foul Ball, location: 5SF
0-1: Foul Ball, location: 9LMF
0-2: Ball
1-2: Ball
2-2: SINGLE (Flyball, 3D, EV 96.3 MPH)
Batting: RHB Cisco Jiménez 0-0: Ball
1-0: Fly out, F9 (Line Drive, 89M, EV 88.1 MPH)
Batting: LHB Gabriel Chacón 0-0: Swinging Strike
0-1: Ball
1-1: Ball
2-1: Swinging Strike
2-2: Ball
3-2: Strikes out swinging
Bottom of the 5th over - 0 runs, 1 hit, 0 errors, 1 left on base; Kansas City 0 - Washington 0
TOP OF THE 6TH
Kansas City Royals batting - Pitching for Washington Nationals : LHP Jorge Trespalácios
Batting: RHB John Brown 0-0: Ball
1-0: Foul Ball, location: 2F
1-1: DOUBLE (Flyball, 9LD, EV 108.1 MPH)
Batting: RHB Koji Omori 0-0: Ball
1-0: Swinging Strike
1-1: Foul Ball, location: 3F
1-2: SINGLE (Groundball, 6MS, EV 71.3 MPH) (infield hit)
John Brown to third
Batting: RHB Shu-yaan Koo 0-0: Ball
1-0: Foul Ball, location: 2F
1-1: Foul Ball, location: 5F
1-2: Ball
2-2: Strikes out swinging
Batting: RHB Bert Acheson 0-0: Foul Ball, location: 9LMF
0-1: Ball
1-1: Swinging Strike
1-2: Foul Ball, location: 5DF
1-2: Foul Ball, location: 2F
1-2: Ball
2-2: Foul Ball, location: 3DF
2-2: Foul Ball, location: 23F
2-2: DOUBLE (Flyball, 8LXD, EV 90.0 MPH)
John Brown scores
Koji Omori to third
Runner from 3rd tries for Home, SAFE, no throw by CF
Batting: RHB Edgardo Pérez 0-0: Called Strike
0-1: Swinging Strike
0-2: Ball
1-2: Foul Ball, location: 23F
1-2: Fly out, F7 (Flyball, 7S, EV 95.6 MPH)
Batting: RHB Tamuramaro Maeda 0-0: Ball
1-0: Ball
2-0: Ball
3-0: Called Strike
3-1: Foul Ball, location: 7LSF
3-2: SINGLE (Flyball, 9, EV 92.5 MPH)
Bert Acheson to third
Runner from 3rd tries for Home, SAFE, throw by RF to home
Batting: LHB Winston Joya 0-0: Ball
1-0: Fly out, F7 (Flyball, 7, EV 96.3 MPH)
Top of the 6th over - 3 runs, 4 hits, 0 errors, 1 left on base; Kansas City 3 - Washington 0
BOTTOM OF THE 6TH
Washington Nationals batting - Pitching for Kansas City Royals : RHP Ronald Coleman
Batting: RHB Francisco Lafrosia 0-0: Ball
1-0: Ball
2-0: Ball
3-0: Called Strike
3-1: Foul Ball, location: 5FF
3-2: SOLO HOME RUN (Flyball, 7D, EV 93.1 MPH), Distance : 362 ft
Pitching: RHP Nelson Bautista
Batting: LHB Kyle Lynch 0-0: Called Strike
0-1: Ball
1-1: Ball
2-1: Foul Ball, location: 3F
2-2: Strikes out swinging
Batting: LHB Iemochi Sasaki 0-0: Called Strike
0-1: Fly out, F8 (Flyball, 8LD, EV 105.0 MPH)
Batting: RHB Shao-qi Ng 0-0: Ball
1-0: Swinging Strike
1-1: Ball
2-1: Foul Ball, location: 23F
2-2: Fly out, F3 (Popup, 3F, EV 74.4 MPH)
Bottom of the 6th over - 1 run, 1 hit, 0 errors, 0 left on base; Kansas City 3 - Washington 1
TOP OF THE 7TH
Kansas City Royals batting - Pitching for Washington Nationals : LHP Jorge Trespalácios
Batting: RHB Tony Solís 0-0: Called Strike
0-1: Ball
1-1: Swinging Strike
1-2: DOUBLE (Line Drive, 8RXD, EV 102.5 MPH)
Pitching: LHP Mitchell Hilson
Batting: LHB Dila Mzale 0-0: Foul Ball, location: 5F
0-1: SINGLE (Groundball, 13S, EV 68.8 MPH) (infield hit)
Tony Solís to third
Batting: RHB John Brown 0-0: Ball
1-0: Foul Ball, location: 2F
1-1: Called Strike
1-2: Ball
2-2: Strikes out looking
Batting: RHB Koji Omori 0-0: Called Strike
0-1: Foul Ball, location: 2F
0-2: Strikes out looking
Batting: RHB Shu-yaan Koo 0-0: Ball
1-0: Called Strike
1-1: Ball
2-1: Foul Ball, location: 2F
2-2: Ball
3-2: Fly out, F9 (Flyball, 9D, EV 100.6 MPH)
Top of the 7th over - 0 runs, 2 hits, 0 errors, 2 left on base; Kansas City 3 - Washington 1
BOTTOM OF THE 7TH
Washington Nationals batting - Pitching for Kansas City Royals : RHP Nelson Bautista
Batting: RHB Rusty Tucker 0-0: Called Strike
0-1: Called Strike
0-2: Ball
1-2: Strikes out looking
Batting: RHB Aureliano Cervantes 0-0: Ball
1-0: Called Strike
1-1: Fly out, F9 (Flyball, 89D, EV 105.6 MPH)
Batting: RHB José Guzmán 0-0: Ball
1-0: Called Strike
1-1: Swinging Strike
1-2: Strikes out swinging
Bottom of the 7th over - 0 runs, 0 hits, 0 errors, 0 left on base; Kansas City 3 - Washington 1
TOP OF THE 8TH
Kansas City Royals batting - Pitching for Washington Nationals : LHP Mitchell Hilson
Batting: RHB Bert Acheson 0-0: Ball
1-0: Ball
2-0: Ground out 6-3 (Groundball, 6, EV 86.3 MPH)
Batting: RHB Edgardo Pérez 0-0: Foul Ball, location: 5F
0-1: Foul Ball, location: 23F
0-2: Strikes out swinging
Batting: RHB Tamuramaro Maeda 0-0: Called Strike
0-1: Swinging Strike
0-2: Strikes out looking
Top of the 8th over - 0 runs, 0 hits, 0 errors, 0 left on base; Kansas City 3 - Washington 1
BOTTOM OF THE 8TH
Washington Nationals batting - Pitching for Kansas City Royals : RHP Nelson Bautista
Batting: RHB Cisco Jiménez 0-0: Ball
1-0: DOUBLE (Flyball, 89D, EV 101.9 MPH)
Batting: LHB Gabriel Chacón 0-0: Ball
1-0: Ball
2-0: Ball
3-0: Called Strike
3-1: Swinging Strike
3-2: Foul Ball, location: 9LMF
3-2: Foul Ball, location: 2LF
3-2: Base on Balls
Pitching: LHP Takiji Miura
Batting: RHB Francisco Lafrosia 0-0: Ball
1-0: Ball
2-0: Foul Ball, location: 2F
2-1: Swinging Strike
2-2: Ball
3-2: Fly out, F4 (Popup, 23, EV 86.3 MPH)
Pinch Hitting: RHB Juan Díaz 0-0: Swinging Strike
0-1: Fly out, F4 (Popup, 4D, EV 59.4 MPH)
Pinch Hitting: RHB Logan O'Neill 0-0: Ball
1-0: Foul Ball, location: 2F
1-1: Ball
2-1: Fly out, F8 (Flyball, 8LS, EV 88.1 MPH)
Bottom of the 8th over - 0 runs, 1 hit, 0 errors, 2 left on base; Kansas City 3 - Washington 1
TOP OF THE 9TH
Kansas City Royals batting - Pitching for Washington Nationals : LHP Mitchell Hilson
Now at SS: Juan Díaz
Now in CF: Cisco Jiménez
Now in RF: Logan O'Neill
Batting: RHB David Harris 0-0: Ball
1-0: Called Strike
1-1: Foul Ball, location: 2F
1-2: Ball
2-2: Strikes out swinging
Batting: RHB Tony Solís 0-0: Ground out 1-3 (Groundball, 13S, EV 72.5 MPH)
Batting: LHB Dila Mzale 0-0: Swinging Strike
0-1: Ground out U3 (Groundball, 3, EV 102.5 MPH)
Top of the 9th over - 0 runs, 0 hits, 0 errors, 0 left on base; Kansas City 3 - Washington 1
BOTTOM OF THE 9TH
Washington Nationals batting - Pitching for Kansas City Royals : LHP Takiji Miura
Pitching: RHP Thomas García
Batting: RHB Shao-qi Ng 0-0: Called Strike
0-1: SOLO HOME RUN (Flyball, 89XD, EV 99.4 MPH), Distance : 394 ft
Pinch Hitting: LHB Bailey Banks 0-0: Ball
1-0: Called Strike
1-1: Ball
2-1: Foul Ball, location: 2F
2-2: SOLO HOME RUN (Flyball, 7D, EV 96.9 MPH), Distance : 371 ft
Batting: RHB Aureliano Cervantes 0-0: Called Strike
0-1: Ground out U3 (Groundball, 34, EV 96.9 MPH)
Batting: RHB José Guzmán 0-0: Ball
1-0: SINGLE (Groundball, 34D, EV 101.3 MPH)
Batting: RHB Cisco Jiménez 0-0: Ball
1-0: Ground out 5-3 (Groundball, P, EV 89.4 MPH)
José Guzmán to second
Batting: LHB Gabriel Chacón 0-0: Ball
1-0: Ball
2-0: Ball
3-0: Called Strike
3-1: Foul Ball, location: 23FF
3-2: Foul Ball, location: 7LSF
3-2: Base on Balls
Batting: RHB Francisco Lafrosia 0-0: Ball
1-0: Swinging Strike
1-1: Ball
2-1: SINGLE (Line Drive, 6MD, EV 96.3 MPH)
José Guzmán to third
Gabriel Chacón to second
Runner from 3rd tries for Home, SAFE, throw by CF to home
Bottom of the 9th over - 3 runs, 4 hits, 0 errors, 2 left on base; Kansas City 3 - Washington 4
Monday, April 22nd , 2024 - OOTP Baseball 24.10 Build 82